 Dungeon Crawl Stone Soup version 0.20.1-1-g8b1a95d66d (webtiles) character file.

54 Peloso the Shield-Bearer (level 4, -1/31 HPs)
             Began as a Halfling Fighter on Dec 3, 2017.
             Slain by a gnoll
             ... wielding a +0 spear
              (5 damage)
             ... on level 2 of the Dungeon.
             The game lasted 00:05:30 (1132 turns).

Peloso the Shield-Bearer (Halfling Fighter)         Turns: 1132, Time: 00:05:31

Health: -1/31      AC:  7    Str: 18    XL:     4   Next: 12%
Magic:  4/4        EV:  9    Int:  6    God:
Gold:   73         SH: 10    Dex: 13    Spells: 3/3 levels left

rFire    . . .     SeeInvis .   a - +0 long sword
rCold    . . .     Gourm    .   c - +0 shield
rNeg     . . .     Faith    .   b - +0 scale mail
rPois    .         Spirit   .   (no helmet)
rElec    .         Reflect  .   (no cloak)
rCorr    .         Harm     .   (no gloves)
MR       .....                  (no boots)
Stlth    ..........             (no amulet)
Regen    0.1/turn               (no ring)
MPRegen  0.1/turn               (no ring)

@: no status effects
A: mutation resistance 1
a: no special abilities


You were on level 2 of the Dungeon.
You were very hungry.

You visited 1 branch of the dungeon, and saw 2 of its levels.

You collected 73 gold pieces.

Inventory:

Hand Weapons
 a - a +0 long sword (weapon)
Armour
 b - a +0 scale mail (worn)
 c - a +0 shield (worn)
Scrolls
 e - a scroll of recharging {unknown}
 h - a scroll of enchant weapon {unknown}
 j - a scroll of fog {unknown}
 k - a scroll of remove curse {unknown}
 m - a scroll of immolation {unknown}
Potions
 d - 2 potions of might
 g - a potion of mutation {unknown}
 i - a potion of invisibility {unknown}
 l - a potion of flight {unknown}
 o - a potion of haste {unknown}
 p - a potion of brilliance {unknown}
Comestibles
 f - 2 bread rations
 n - 2 fruits


   Skills:
 + Level 3.0 Fighting
 + Level 2.5 Long Blades
 + Level 3.7 Armour
 + Level 0.7 Dodging
 + Level 3.9 Shields


You had 3 spell levels left.
You didn't know any spells.

Dungeon Overview and Level Annotations

Branches:
Dungeon (2/15)

Altars:


Innate Abilities, Weirdness & Mutations

You are small and have problems with some larger weapons.
You are somewhat resistant to further mutation.


Message History

You hit the gnoll.
The gnoll is moderately wounded.
The gnoll hits you but does no damage. You block the gnoll's attack.
The gnoll hits you but does no damage. x2
You closely miss the gnoll.
The gnoll is moderately wounded.
The gnoll hits you from afar with a spear.
You block the gnoll's attack. x2; The gnoll hits you with a whip.
You hit the gnoll.
The gnoll is moderately wounded.
You block the gnoll's attack. The gnoll hits you with a whip.
You hit the gnoll.
The gnoll is heavily wounded.
The gnoll hits you with a whip.
* * * LOW HITPOINT WARNING * * *
You block the gnoll's attack.
You barely miss the gnoll.
The gnoll is heavily wounded.
The gnoll hits you from afar with a spear.
You die...

#.........# #....
##### #.........#
#.### #...#
#.....#...# #.#
#...#####.#########
#.# #..........#
########.#
#..........#
#........#
#..........#
#........#
#...#####'##
#........# #...#
#@# #........###
#...# #g#
#..........# #...#
#g# ###..........+
#####


gg. ........(....# .?......###†......# ...................#
#...................# #...................# #.........####....... You could see
4 gnolls.

Vanquished Creatures
  An adder (D:2)
  A dart slug (D:1)
  2 leopard geckos (D:1)
  4 giant cockroaches
  9 goblins
  2 hobgoblins (D:1)
  4 jackals (D:1)
  2 bats (D:1)
  8 kobolds
  4 rats (D:1)
37 creatures vanquished.

Notes
Turn   | Place    | Note
-------+----------+-------------------------------------------
     0 | D:1      | Peloso the Halfling Fighter began the quest for the Orb.
     0 | D:1      | Reached XP level 1. HP: 15/15 MP: 1/1
    32 | D:1      | Reached XP level 2. HP: 18/20 MP: 2/2
   224 | D:1      | Reached XP level 3. HP: 13/25 MP: 3/3
  1026 | D:2      | Reached XP level 4. HP: 27/31 MP: 4/4
  1132 | D:2      | Slain by a gnoll

Skill      XL: |  1  2  3 |
---------------+----------+-----
Fighting       | 3 |  3.0
Long Blades    | |  2.5
Armour         | |  3.7
Dodging        | |  0.7
Shields        | |  3.9

Action                   |  1- 3 |  4- 6 || total
-------------------------+-------+-------++-------
Melee: Long sword        |   118 |    20 ||   138
Armor: Scale mail        |    44 |     5 ||    49
Dodge: Dodged            |    50 |    10 ||    60
Block: Shield            |    64 |    14 ||    78
       Rpst.: Long sword |    19 |     2 ||    21
